 Dungeon Crawl Stone Soup version 0.30.0-5-g1a98f26d00 (webtiles) character file.

Game seed: 7594844715553042877

198 monsoonserge the Grave Robber (level 5, 0/10 (29) HPs)
             Began as a Deep Elf Wanderer on May 12, 2023.
             Slain by an adder (3 damage)
             ... on level 3 of the Dungeon.
             The game lasted 00:20:52 (3208 turns).

monsoonserge the Grave Robber (Deep Elf Wanderer)   Turns: 3208, Time: 00:20:53

HP:   0/10 (29)     AC:  5    Str:  7    XL:     5   Next: 47%
MP:   11/11         EV: 10    Int: 23    God:
Gold: 179           SH:  9    Dex: 12    Spells: 6/10 levels left

rFire   . . .        u - +3 club
rCold   . . .        d - +0 buckler
rNeg    . . .        g - +0 leather armour
rPois   .            l - +0 helmet
rElec   .            (no cloak)
rCorr   .            k - +0 pair of gloves
SInv    .            (no boots)
Will    .....        i - amulet of reflection
Stlth   +            b - ring of flight
HPRegen 0.21/turn    (no ring)
MPRegen 0.12/turn

%: reflection
@: lethally poisoned (0 -> -4), flying, extremely drained
A: no striking features
a: no special abilities


You were on level 3 of the Dungeon.
You visited 1 branch of the dungeon, and saw 4 of its levels.

You collected 179 gold pieces.

Inventory:

Hand Weapons
 a - a +0 dagger
 n - a +0 short sword
 u - a +3 club (weapon)
Missiles
 q - 5 boomerangs (quivered)
Armour
 c - a +0 robe
 d - a +0 buckler (worn)
 e - a scarf of harm
 f - an orb of wrath
 g - a +0 leather armour (worn)
 k - a +0 pair of gloves (worn)
 l - a +0 helmet (worn)
Jewellery
 b - a ring of flight (left hand)
 i - an amulet of reflection (around neck)
Wands
 t - a wand of digging (7)
Scrolls
 j - 4 scrolls of identify {unknown}
 m - a scroll of blinking {unknown}
 o - a scroll of magic mapping {unknown}
 p - 2 scrolls of amnesia {unknown}
 r - a scroll of fear {unknown}


   Skills:
 + Level 1.5 Fighting
 + Level 2.1 Short Blades
 * Level 1.0 Armour
 + Level 2.2 Dodging
 - Level 1.0 Stealth
 + Level 2.0 Shields
 - Level 3.0 Spellcasting
 * Level 1.8 Conjurations
 * Level 3.1 Hexes
 * Level 3.1 Necromancy
 - Level 1.0 Air Magic
 - Level 1.0 Poison Magic


You had 6 spell levels left.
You knew the following spells:

 Your Spells              Type           Power      Damage    Failure   Level
a - Kiss of Death         Conj/Necr      60%        2d10      10%         1
b - Cigotuvi's Dreadful   Necr/Pois/Air  22%        N/A       21%         2
c - Slow                  Hex            68%        N/A       8%          1

Your spell library contained the following spells:

 Spells                   Type           Power      Damage    Failure   Level
 Sublimation of Blood     Necr           18%        N/A       12%         2
 Inner Flame              Hex/Fire       10%        N/A       41%         3
 Ignite Poison            Fire/Tmut/Pois 5%         N/A       58%         3
 Anguish                  Hex/Necr       9%         N/A       61%         4
 Freezing Cloud           Conj/Ice/Air   3%         6-21      99%         5


Dungeon Overview and Level Annotations

Branches:
Dungeon (4/15)
 Temple: D:4-7

Altars:

Shops:
D:2 [

Annotations:
D:4 Edmund, Eustachio


Message History

Aiming: Slow (safe; 8% risk of failure)
Press: ? - help, Shift-Dir - straight line, f/p - adder
Aim: an adder (chance to affect: 59%)
The adder seems to slow down.
You closely miss the adder. The adder barely misses you.
You hit the adder.
The adder is heavily wounded.
Edmund the Younger comes into view.
He is wielding a +1 flail of protection and carrying a wand of flame (19).
The adder barely misses you.
Edmund shouts!
You hear a shout!
You block the adder's attack.
You fly upwards.
There is a stone staircase leading down here.
You hit the adder.
The adder is heavily wounded.
The adder bites you but does no damage.
You barely miss the adder.
The adder is heavily wounded.
You block the adder's attack.
You hit the adder but do no damage.
The adder is heavily wounded.
You block the adder's attack.
You miss the adder.
The adder is heavily wounded.
The adder barely misses you.
You hit the adder.
The adder is heavily wounded.
The adder bites you.
You are lethally poisoned!
The adder poisons you!
You barely miss the adder.
The adder is heavily wounded.
* * * LOW HITPOINT WARNING * * *
You feel very sick. You block the adder's attack.
You hit the adder.
The adder is almost dead.
* * * LOW HITPOINT WARNING * * *
You feel sick. The adder bites you.
You die...

#.# ##.######### #.#
#.# ##..........####.#
#.# #.....##.........#
#.# ###....##.##.######
#
#.########....#.##.##.#
#
#..................##.#
#
##########....#.#####.#
####.#.# #.#
#.#@#####.# #.#S......#
#.######### #.#
##########.######
#...........)...# ###
#.######...#†...###.##
#.######...........#.#
#...............###.##


You could see an adder (slow).

Vanquished Creatures
  Ijyb (D:3)
  4 gnolls (D:2)
  6 adders
  4 worms
  A dart slug (D:1)
  An orc (D:3)
  4 bats (D:2)
  7 endoplasms
  3 giant cockroaches
  4 goblins
  4 hobgoblins
  8 jackals
  3 quokkas (D:1)
  5 ball pythons
  2 frilled lizards
  5 kobolds
  8 rats
70 creatures vanquished.

Notes
Turn   | Place    | Note
-------+----------+-------------------------------------------
     0 | D:1      | monsoonserge the Deep Elf Wanderer began the quest for the
                  | Orb.
     0 | D:1      | monsoonserge set off with the following items: a +0 dagger,
                  | a potion of berserk rage, a +0 robe, a +0 buckler; and the
                  | following spells available to memorise: Slow, Sublimation
                  | of Blood, Kiss of Death, Inner Flame, Anguish.
     0 | D:1      | Reached XP level 1. HP: 12/12 MP: 6/6
     2 | D:1      | Learned a level 1 spell: Kiss of Death
   123 | D:1      | Found a faded altar of an unknown god.
   200 | D:1      | Reached XP level 2. HP: 13/14 MP: 8/8
   268 | D:1      | Learned a level 2 spell: Cigotuvi's Dreadful Rot
   943 | D:2      | Reached XP level 3. HP: 20/20 MP: 9/9
   949 | D:2      | Reached skill level 1 in Short Blades
   955 | D:2      | Reached skill level 1 in Conjurations
   955 | D:2      | Reached skill level 1 in Poison Magic
  1090 | D:2      | Reached skill level 1 in Air Magic
  1090 | D:2      | Reached XP level 4. HP: 5/22 MP: 10/10
  1115 | D:2      | Reached skill level 1 in Stealth
  1485 | D:2      | Found Ficifae's Antique Armour Shoppe.
  1865 | D:2      | Reached XP level 5. HP: 10/13 MP: 8/11
  2224 | D:3      | Learned a level 1 spell: Slow
  2440 | D:3      | Reached skill level 1 in Armour
  2806 | D:3      | Noticed Ijyb
  2827 | D:3      | Killed Ijyb
  3124 | D:4      | Noticed Eustachio
  3145 | D:4      | Noticed a phantom
  3199 | D:4      | Noticed Edmund
  3208 | D:3      | Slain by an adder

Illustrated notes

Levels and vault maps discovered:
D:1:      minmay_arrival_wavy_path, layout_basic, ebering_ecumenical_altar_mist
D:2:      layout_rooms, serial_shops, nicolae_shop_trees
D:3:      layout_loops_corners, serial_bayou_lagoon_b, uniq_ijyb
D:4:      layout_gridville, worldfamousw_hep_ancestral_shrine, uniq_edmund,
          uniq_eustachio, uniq_grinder

Skill      XL: |  1  2  3  4  5 |
---------------+----------------+-----
Hexes          | 3 |  3.1
Short Blades   | 1 2 |  2.1
Conjurations   | 1 |  1.8
Poison Magic   | 1 |  1.0
Shields        | 2 |  2.0
Air Magic      | 1 |  1.0
Stealth        | 1 |  1.0
Dodging        | 2 |  2.2
Necromancy     | 3 |  3.1
Armour         | 1 |  1.0
Fighting       | |  1.5
Spellcasting   | |  3.0

Action                     |  1- 3 |  4- 6 || total
---------------------------+-------+-------++-------
  Melee: Dagger            |   143 |   141 ||   284
         Short sword       |       |   102 ||   102
         Club              |       |    24 ||    24
  Throw: Dart              |       |     4 ||     4
   Cast: Kiss of Death     |     2 |     5 ||     7
         Cigotuvi's Dreadf |     1 |     1 ||     2
         Slow              |       |     2 ||     2
    Use: Potion            |     4 |     2 ||     6
   Stab: Sleeping          |     1 |       ||     1
 Armour: Robe              |    17 |       ||    17
         Skin              |    24 |     2 ||    26
         Leather armour    |       |    57 ||    57
  Dodge: Dodged            |    70 |    74 ||   144
  Block: Buckler           |     2 |    72 ||    74
         Orb               |    19 |     4 ||    23
         Reflection        |     1 |       ||     1
